 Dungeon Crawl Stone Soup version 0.18.1-6-gd335043 (webtiles) character file.

2448 HungrySpirit the Martial Artist (level 9, -3/93 HPs)
             Began as an Octopode Skald on May 18, 2016.
             Slain by an orc warrior
             ... wielding a +0 glaive
              (19 damage)
             ... on level 7 of the Dungeon.
             The game lasted 00:13:12 (8503 turns).

HungrySpirit the Martial Artist (Octopode Skald)    Turns: 8503, Time: 00:13:13

Health: -3/93      AC:  3    Str: 15 (16) XL:     9   Next: 49%
Magic:  12/12      EV: 14    Int: 21 (22) God:
Gold:   395        SH:  0    Dex: 13 (14) Spells: 2 memorised, 10 levels left

rFire  + + .     SeeInvis .     r - +1 whip (elec)
rCold  . . .     Gourm    .     (no shield)
rNeg   . . .     Faith    .     (helmet restricted)
rPois  .         Spirit   .     (no amulet)
rElec  +         Dismiss  .     m - ring of protection from fire
rCorr  .         Reflect  .     k - +3 ring of intelligence
SustAt .         Harm     .     x - ring of flight
MR     .....                    w - +4 ring of intelligence
Stlth  ..........               (no ring)
                                (no ring)
                                (no ring)
                                (no ring)

@: berserking, very quick, not resistant to hostile enchantments, extremely
unstealthy
A: almost no armour, amphibious, 8 rings, constrict 8, yellow scales 1,
camouflage 1, deterioration 1, fire resistance 1, low mp 1, electricity
resistance, gelatinous body 1
a: Evoke Flight


You were on level 7 of the Dungeon.
You were hungry.

You visited 2 branches of the dungeon, and saw 8 of its levels.
You also visited: Ossuary.

You collected 395 gold pieces.

Inventory:

Hand Weapons
 o - the +6 quarterstaff of Indomitability {holy, +Fly MR+}
   (You found it on level 5 of the Dungeon)

   It has been blessed by the Shining One to cause great damage to the undead
   and demons.
   It affects your resistance to hostile enchantments.
   It lets you fly.
 r - a +1 whip of electrocution (weapon)
Missiles
 p - 7 javelins (quivered)
Armour
 n - a +1 buckler
 t - a +0 buckler
Jewellery
 k - a +3 ring of intelligence (right tentacle)
 m - a ring of protection from fire (left tentacle)
 w - a +4 ring of intelligence (on tentacle)
 x - a ring of flight (on tentacle)
Scrolls
 c - a scroll of enchant weapon
 e - 2 scrolls of remove curse
 g - 2 scrolls of recharging
 h - 3 scrolls of identify
 i - a scroll of enchant armour
 s - 2 scrolls of fog
 v - a scroll of teleportation
Potions
 d - 8 potions of curing
 j - a potion of might
 l - a potion of brilliance
 q - a potion of agility
Books
 a - a book of Battle

   Spells                             Type                      Level
   a - Infusion                       Charms                       1
   b - Shroud of Golubria             Charms/Translocation         2
   c - Song of Slaying                Charms                       2
   d - Spectral Weapon                Hexes/Charms                 3
   e - Regeneration                   Charms/Necromancy            3
Comestibles
 b - 4 bread rations
 f - 3 beef jerkies
 z - a slice of pizza


   Skills:
 + Level 5.9 Fighting
   Level 0.8 Short Blades
 + Level 3.8 Maces & Flails
 + Level 5.6 Dodging
 * Level 8.0 Unarmed Combat
 + Level 3.0 Spellcasting
 - Level 4.2 Charms


You had 10 spell levels left.
You knew the following spells:

 Your Spells              Type           Power        Failure   Level  Hunger
a - Infusion              Chrm           ###.         1%          1    None
b - Regeneration          Chrm/Necr      ##........   21%         3    ###....


Dungeon Overview and Level Annotations

Branches:
Dungeon (7/15)             Temple (1/1) D:4

Altars:
Dithmenos
Elyvilon
Fedhas
Gozag
Kikubaaqudgha
Makhleb
Nemelex Xobeh
Pakellas
Qazlal
Ru
Sif Muna
Trog
Vehumet
Xom
Yredelemnul
Zin
The Shining One


Innate Abilities, Weirdness & Mutations

You cannot wear most types of armour.
You are amphibious.
You can wear up to eight rings at the same time.
You can use your tentacles to constrict eight enemies at once.
Your skin changes colour to match your surroundings (Stealth).
Your rubbery body absorbs attacks (AC +1).
You are partially covered in yellow scales (AC +2).
Your body sometimes deteriorates upon taking damage.
Your flesh is heat resistant.
Your magical capacity is low (-10% MP).
You are resistant to electric shocks.


Message History

The orc warrior is lightly wounded.
You hit the orc warrior. You grab the orc warrior.
You tentacle-slap the orc warrior.
The orc warrior is lightly wounded.
You constrict the orc warrior.
The orc warrior hits you with a glaive!!
Your body deteriorates!
You feel dopey.
You hit the orc warrior.
There is a sudden explosion of sparks!
The orc warrior is severely wounded.
You constrict the orc warrior. The orc warrior hits you with a glaive!
* * * LOW HITPOINT WARNING * * *
Your body deteriorates!
You feel weakened.
You are too injured to fight recklessly!
You aren't carrying any items that you can evoke.
Drink which item? (? for menu, Esc to quit)
A red film seems to cover your vision as you go berserk!
You feel yourself moving faster!
You feel mighty!
You constrict the orc warrior, but do no damage.
The orc warrior hits you with a glaive!!
You die...

# ##### #
##.##...########..#
#.......#.........#
#.......'..@......#
########..####o###########
#......#..##..............
#......#...#..............
#......#...#..............
#......#...#).............
#........###..............
########........##'######
#........#.....#


You could see an orc warrior.

Vanquished Creatures
  The ghost of HungrySpirit the Insei, an amateur OpSk (D:4)
  An orc warrior (D:6)
  A sky beast (D:6)
  2 phantoms (D:6)
  An ice beast (D:5)
  3 ogres
  2 centaurs (D:7)
  An elf zombie (Ossuary)
  3 scorpions
  3 wights
  2 electric eels (D:6)
  3 crimson imps
  2 giant frog zombies (D:5)
  A hound (D:6)
  A jelly (D:5)
  2 orc priests
  A giant frog skeleton (D:7)
  7 orc wizards
  6 worker ants
  A big kobold zombie (Ossuary)
  3 mummies (Ossuary)
  4 gnolls (D:6)
  8 adders
  An ooze (D:1)
  3 adder zombies (Ossuary)
  3 adder skeletons
  2 worms
  A dart slug (D:1)
  3 giant geckos
  26 orcs
  4 ball pythons
  9 bats
  5 giant cockroaches
  8 goblins
  7 hobgoblins
  6 jackals
  A quokka (D:3)
  A giant gecko skeleton (D:5)
  A giant gecko zombie (D:5)
  7 giant newts
  3 goblin zombies (Ossuary)
  4 hobgoblin zombies (Ossuary)
  A jackal zombie (D:7)
  12 kobolds
  A kobold zombie (Ossuary)
  3 quokka zombies
  5 rats
  3 rat zombies (Ossuary)
179 creatures vanquished.

Notes
Turn   | Place    | Note
--------------------------------------------------------------
     0 | D:1      | HungrySpirit the Octopode Skald began the quest for the Orb.
     0 | D:1      | Reached XP level 1. HP: 14/14 MP: 3/3
   117 | D:1      | Reached XP level 2. HP: 19/19 MP: 5/5
   864 | D:1      | Reached XP level 3. HP: 25/25 MP: 6/6
  1104 | D:2      | Found a shadowy altar of Dithmenos.
  1131 | D:2      | Found a stormy altar of Qazlal.
  1206 | D:2      | Reached skill level 3 in Unarmed Combat
  1303 | D:2      | Reached XP level 4. HP: 17/30 MP: 2/7
  1520 | D:2      | Found a stormy altar of Qazlal.
  2572 | D:3      | Found an ancient bone altar of Kikubaaqudgha.
  2834 | D:3      | Reached XP level 5. HP: 25/36 MP: 8/8
  3227 | D:4      | Noticed HungrySpirit's ghost (amateur OpSk)
  3249 | D:4      | Killed HungrySpirit's ghost
  3249 | D:4      | Reached skill level 4 in Unarmed Combat
  3249 | D:4      | Reached XP level 6. HP: 42/42 MP: 9/9
  3300 | D:4      | Found a staircase to the Ecumenical Temple.
  3312 | Temple   | Entered the Ecumenical Temple
  3413 | D:4      | Reached skill level 5 in Unarmed Combat
  3625 | D:4      | Learned a level 3 spell: Regeneration
  3693 | D:4      | Found a sand-covered staircase.
  3705 | Ossuary  | Entered an ossuary
  3715 | Ossuary  | Reached XP level 7. HP: 47/47 MP: 10/10
  4020 | Ossuary  | Gained mutation: Your flesh is heat resistant. [potion of mutation]
  4020 | Ossuary  | Gained mutation: Your body sometimes deteriorates upon taking damage. [potion of mutation]
  4020 | Ossuary  | Gained mutation: You are partially covered in yellow scales (AC +2). [potion of mutation]
  4021 | Ossuary  | Gained mutation: Your magical capacity is low (-10% MP). [potion of mutation]
  4021 | Ossuary  | Gained mutation: You are resistant to electric shocks. [potion of mutation]
  4449 | D:5      | Entered Level 5 of the Dungeon
  4456 | D:5      | Reached skill level 6 in Unarmed Combat
  4456 | D:5      | Reached XP level 8. HP: 36/54 MP: 9/9
  4562 | D:5      | Reached skill level 1 in Maces & Flails
  5132 | D:5      | Got a jewelled quarterstaff
  5133 | D:5      | Identified the +6 quarterstaff of Indomitability {holy, +Fly MR+} (You found it on level 5 of the Dungeon)
  5677 | D:5      | Reached skill level 5 in Dodging
  5856 | D:6      | Reached skill level 5 in Fighting
  6127 | D:6      | Reached skill level 7 in Unarmed Combat
  6441 | D:6      | Found an opulent altar of Gozag.
  6804 | D:6      | Reached XP level 9. HP: 61/61 MP: 11/11
  8143 | D:7      | Found a blossoming altar of Fedhas.
  8373 | D:7      | Reached skill level 8 in Unarmed Combat
  8503 | D:7      | Slain by an orc warrior

Skill      XL: |  1  2  3  4  5  6  7  8  9 |
---------------+----------------------------+-----
Dodging        | 2 3 4 5 |  5.6
Unarmed Combat | 3 4 5 6 7 8 |  8.0
Fighting       | 3 4 5 |  5.9
Maces & Flails | 2 3 |  3.8
Charms         | 4 |  4.2
Spellcasting   | 3 |  3.0
Short Blades   | |  0.8

Action                   |  1- 3 |  4- 6 |  7- 9 || total
-------------------------+-------+-------+-------++-------
Melee: Unarmed           |    75 |    38 |       ||   113
       Constrict         |    18 |    33 |    62 ||   113
       Tentacles         |    13 |    25 |    57 ||    95
       Punch             |     1 |     2 |    14 ||    17
       Dagger            |       |    82 |       ||    82
       Whip              |       |     1 |   297 ||   298
Throw: Javelin           |       |       |     5 ||     5
 Cast: Infusion          |     2 |       |       ||     2
  Use: Potion            |       |     4 |     7 ||    11
       Scroll            |       |       |    19 ||    19
 Stab: Sleeping          |     9 |    11 |     5 ||    25
  Eat: Chunk             |     1 |     8 |    11 ||    20
       Meat ration       |       |       |     1 ||     1
Armor: Skin              |     8 |    16 |    36 ||    60
Dodge: Dodged            |    36 |    62 |   181 ||   279
